Cogmind - Beta 9.1 @@@ ROGUE MODE // 2019.10.30 @ 16:37:46 Player: Eggking Result: Destroyed by G-34 Mercenary with Small Laser Performance ------------- Evolutions (1) 500 Regions Visited (2) 400 Robots Destroyed (25) 125 Value Destroyed (689) 689 Prototype IDs (0) 0 Alien Tech Used (0) 0 Bonus (0) 0 TOTAL SCORE: 1714 Bonus ------- None Cogmind --------- Core Integrity 0/400 Matter 300/300 Energy 62/100 System Corruption 0% Temperature Cool (6) Location -9/Materials Parts ------- Power (1) Propulsion (2) Wheel Compact Wheel Utility (3) Large Storage Unit Large Storage Unit Weapon (3) Heavy Assault Rifle Great Maul Inventory (16) Improved Ion Engine Light Nuclear Core Light Nuclear Core Light Nuclear Core Compact Wheel Medium Storage Unit Medium Storage Unit Rocket Launcher Peak State ------------ Power Improved Ion Engine Propulsion Aluminum Leg Aluminum Leg Utility Large Storage Unit Large Storage Unit Weapon Medium Laser Light Assault Rifle Great Maul Inventory Light Nuclear Core Light Nuclear Core Light Nuclear Core Aluminum Leg Aluminum Leg Aluminum Leg Wheel Compact Wheel Compact Wheel Medium Storage Unit Medium Storage Unit Light Armor Plating Beam Cannon Rocket Launcher [Rating: 13] Favorites ----------- Power Ion Engine Engine Ion Engine Propulsion Aluminum Leg Leg Aluminum Leg Wheel Wheel Utility Large Storage Unit Storage Large Storage Unit Protection Light Armor Plating Weapon Light Assault Rifle Energy Gun Medium Laser Energy Cannon Beam Cannon Ballistic Gun Light Assault Rifle Launcher Rocket Launcher Impact Weapon Great Maul Build | -11 -10 -9 ------- Run | Scr Mat Mat Slots Evolved 2 | . . 2 Power . | . . . Propulsion . | . . . Utility 1 | . . 1 Weapon 1 | . . 1 Parts Attached 20 | . 6 14 Power 1 | . . 1 Engine 1 | . . 1 Core . | . . . Reactor . | . . . Propulsion 6 | . 1 5 Treads . | . . . Leg 4 | . 1 3 Wheel 2 | . . 2 Hover . | . . . Flight . | . . . Utility 4 | . 3 1 Device . | . . . Storage 3 | . 3 . Processor . | . . . Hackware . | . . . Protection 1 | . . 1 Artifact . | . . . Weapon 9 | . 2 7 Energy Gun 1 | . . 1 Energy Cannon 1 | . . 1 Ballistic Gun 5 | . 1 4 Ballistic Cannon . | . . . Launcher 1 | . 1 . Special Weapon . | . . . Impact Weapon 1 | . . 1 Slashing Weapon . | . . . Piercing Weapon . | . . . Special Melee Weapon . | . . . Unidentified Prototypes . | . . . Parts Lost 13 | . . 13 Power 2 | . . 2 Propulsion 4 | . . 4 Utility 1 | . . 1 Weapon 6 | . . 6 Highest Loss Streak 8 | . . 8 Average Slot Usage (%) 87 | . 94 80 Engine 12 | . 14 10 Leg 24 | . 27 21 Storage 22 | . 24 22 Energy Gun 1 | . . 2 Energy Cannon 2 | . . 4 Ballistic Gun 19 | . 26 13 Impact Weapon 3 | . . 6 Naked Turns . | . . . Heaviest Build 47 | 12 39 47 Greatest Support 20 | 20 20 20 Greatest Overweight (x) 2 | . 1 2 Average Overweight (x) . | . . 2 Largest Inventory Capacity 16 | . 16 16 Average Capacity 12 | . 8 16 Most Carried 15 | . 12 15 Average Carried 10 | . 7 12 Final Capacity 16 | 6 16 16 Final Carried 12 | 6 12 8 Class Distribution -------------------- 94% | Mutant 5% | Gunner Dominant Class ---------------- Mutant | -10/Materials Mutant | -9/Materials Resources | -11 -10 -9 ----------- Run | Scr Mat Mat Matter Collected 571 | 200 64 307 Remotely . | . . . Salvage Created 772 | . 85 687 Parts 51 | . 14 37 Haulers Intercepted . | . . . Recyclers Shooed . | . . . Parts Field Recycled . | . . . Retrieved Matter . | . . . Parts Self-Destructed . | . . . Prevented . | . . . Kills | -11 -10 -9 ------- Run | Scr Mat Mat Combat Hostiles Destroyed 23 | . 7 16 Melee 3 | . . 3 Guns 12 | . 4 8 Cannons 3 | . . 3 AOE 3 | . 3 . Classes Destroyed 6 | . 3 3 Watcher 2 | . 1 1 Swarmer 9 | . 6 3 Grunt 9 | . 1 8 Brawler 1 | . . 1 Duelist 1 | . . 1 Sentry 3 | . . 3 Best Kill Streak 5 | . 4 5 Combat Bots Only 4 | . 3 4 Max Kills in Single Turn 2 | . 2 1 Gunslinging . | . . . Exploded 2 | . 2 . Melee 1 | . . 1 Uniques/NPCs Destroyed . | . . . Combat | -11 -10 -9 -------- Run | Scr Mat Mat Damage Taken 1753 | . 195 1558 Core 413 | . 6 407 Absorbed by Shields . | . . . Core Remaining (%) 98 | 100 97 . Volleys Fired 66 | . 17 49 Largest 3 | . 2 3 Hottest 90 | . 40 90 Shots Fired 141 | . 30 111 Gun 120 | . 27 93 Cannon 18 | . . 18 Launcher 3 | . 3 . Special . | . . . Kinetic 111 | . 27 84 Thermal 27 | . . 27 Explosive 3 | . 3 . Electromagnetic . | . . . Robot Hit Streak 13 | . 6 13 Robot Miss Streak 5 | . 2 5 Penetration Max . | . . . Secondary Targets . | . . . Shots Hit Robots 100 | . 15 85 Core Hits 42 | . 12 30 Critical Hits 2 | . 1 1 Critical Kills . | . . . Critical Parts Destroyed 2 | . 1 1 Melee Attacks 22 | . . 22 Impact 22 | . . 22 Slashing . | . . . Piercing . | . . . Sneak Attacks . | . . . Combat Hostiles . | . . . Follow-up Attacks . | . . . Damage Inflicted 1479 | . 372 1107 Guns 674 | . 162 512 Cannons 212 | . . 212 Explosions 210 | . 210 . Melee 383 | . . 383 Ramming . | . . . Kinetic 600 | . 162 438 Thermal 286 | . . 286 Explosive 210 | . 210 . Electromagnetic . | . . . Impact 383 | . . 383 Slashing . | . . . Piercing . | . . . Highest Corruption . | . . . Average Corruption . | . . . Corruption Purged . | . . . Overload Shots . | . . . Overflow Damage 42 | . 5 37 Projectiles . | . . . Explosions 5 | . 5 . Melee 37 | . . 37 Knockbacks . | . . . Impact . | . . . Kinetic . | . . . Secondary . | . . . Self-Inflicted Damage 43 | . 43 . Shots 2 | . 2 . Rammed . | . . . Targets Rammed . | . . . Kicked . | . . . Crushed . | . . . Highest Temperature 142 | . 6 142 Average Temperature 37 | . 6 37 Received Heat Transfer 429 | . 33 396 Siege Activations . | . . . Robots Corrupted . | . . . Combat Hostiles . | . . . Parts Fried 3 | . . 3 Impact Corruptions 3 | . . 3 Robots Melted . | . . . Combat Hostiles . | . . . Parts Melted 1 | . . 1 Heat Transferred 666 | . . 666 Parts Sabotaged . | . . . Parts Stolen . | . . . Parts Stripped . | . . . Power Chain Reactions . | . . . Missiles Intercepted . | . . . Alert | -11 -10 -9 ------- Run | Scr Mat Mat Peak Influence 283 | . 151 283 Average Influence 124 | . 53 186 Maximum Alert Level 1 | . . 1 Low Security (%) 75 | . . . Level 1 24 | . . . Level 2 . | . . . Level 3 . | . . . Level 4 . | . . . Level 5 . | . . . High Security . | . . . Max Security . | . . . Squads Dispatched 3 | . 1 2 Investigation . | . . . Extermination . | . . . Reinforcement 3 | . 1 2 Assault . | . . . Garrison . | . . . Intercept . | . . . Construction Impeded . | . . . Haulers Reinforced . | . . . Stealth | -11 -10 -9 --------- Run | Scr Mat Mat Distress Signals 3 | . 1 2 Communications Jammed . | . . . Distress Signals . | . . . Times Spotted 55 | . 19 36 Peak Tracking Total 5 | . 5 5 Tactical Retreats 6 | . 3 3 Traps | -11 -10 -9 ------- Run | Scr Mat Mat Traps Triggered 1 | . 1 . Indirectly . | . . . Trap Hack Attempts . | . . . Triggered . | . . . Disarmed . | . . . Reprogrammed . | . . . Reused . | . . . Traps Extracted . | . . . Installed . | . . . Triggered . | . . . Machines | -11 -10 -9 ---------- Run | Scr Mat Mat Machines Disabled 3 | . 2 1 Max in Single Turn 2 | . 2 1 Machines Sabotaged . | . . . Garrisons Compromised . | . . . Overloaded Fab Kills . | . . . Fab Network Shutdowns . | . . . Hacking | -11 -10 -9 --------- Run | Scr Mat Mat Machines Accessed 7 | . 7 . Terminals 7 | . 7 . Fabricators . | . . . Repair Stations . | . . . Recycling Units . | . . . Scanalyzers . | . . . Garrison Access . | . . . Total Hacks 26 | . 26 . Successful 18 | . 18 . Failed 8 | . 8 . Catastrophic . | . . . Database Lockouts . | . . . Manual 20 | . 20 . Terminals 26 | . 26 . Fabricators . | . . . Repair Stations . | . . . Recycling Units . | . . . Scanalyzers . | . . . Garrison Access . | . . . Terminal Hacks 5 | . 5 . Part Schematic 1 | . 1 . Level Access Points 1 | . 1 . Recall Reinforcements 1 | . 1 . Zone Layout 2 | . 2 . Fabricator Hacks . | . . . Repair Station Hacks . | . . . Recycling Unit Hacks . | . . . Scanalyzer . | . . . Garrison Access Hacks . | . . . Unauthorized Hacks 29 | . 29 . Terminals 13 | . 13 . Track 7 | . 7 . Botnet 6 | . 6 . Fabricators . | . . . Repair Stations . | . . . Recycling Units . | . . . Scanalyzers . | . . . Garrison Access . | . . . Data Cores Recovered . | . . . Used . | . . . Hacking Detections 5 | . 5 . Full Trace Events . | . . . Feedback Events . | . . . Feedback Blocked . | . . . Robot Schematics Acquired . | . . . Robots Built . | . . . Matter . | . . . Time . | . . . Total Robot Build Rating . | . . . Part Schematics Acquired 1 | . 1 . Parts Built . | . . . Matter . | . . . Time . | . . . Total Part Build Rating . | . . . Parts Repaired . | . . . Time . | . . . Parts Recycled . | . . . Recycled Matter . | . . . Retrieved Matter . | . . . Retrieved Components . | . . . Parts Scanalyzed . | . . . Part Schematics Acquired . | . . . Parts Damaged . | . . . Bothacking | -11 -10 -9 ------------ Run | Scr Mat Mat Used RIF Installer . | . . . Robots Hacked . | . . . Non-combat . | . . . Combat . | . . . Robot Hacks Applied . | . . . Relay Couplers Released . | . . . Robots Rewired . | . . . Allies Hacked . | . . . Hacks Repelled . | . . . Allies | -11 -10 -9 -------- Run | Scr Mat Mat Total Allies . | . . . Largest Group . | . . . Highest-Rated Group . | . . . Highest-Rated Ally . | . . . Total Orders . | . . . Ally Attacks . | . . . Total Damage . | . . . Kills . | . . . Allies Corrupted . | . . . Allies Melted . | . . . Intel | -11 -10 -9 ------- Run | Scr Mat Mat Robot Analysis Total . | . . . Derelict Logs Recovered . | . . . Drone Launches . | . . . Drone Recoveries . | . . . Exploration | -11 -10 -9 ------------- Run | Scr Mat Mat Turns Passed 1524 | . 709 815 Spaces Moved 780 | 1 490 289 Core . | . . . Treads . | . . . Legs 780 | 1 490 289 Wheels . | . . . Hover . | . . . Flight . | . . . Fastest Speed 120 | 120 120 180 Average Speed 143 | 120 122 180 Slowest Speed 180 | 120 150 180 Overloaded Moves . | . . . Propulsion Burnouts . | . . . Robots Hopped . | . . . Cave-ins Triggered . | . . . Exploration Rate (%) 39 | 2 89 27 Regions Visited 2 Branch Regions . Pre-discovered Areas . | . . . Known Exits Taken 1 | . 1 . Unknown Exits Taken 1 | 1 . . Scrap Searched . | . . . Spaces Dug 7 | . 7 . Terrain Destroyed 21 | . 21 . Melee . | . . . Projectile . | . . . AOE 21 | . 21 . Actions | -11 -10 -9 --------- Run | Scr Mat Mat Total 1029 | . 574 455 Wait 113 | . 44 69 Move 778 | . 489 289 Hop . | . . . Pick Up 23 | . 12 11 Fast Attach 1 | . 1 . Attach 15 | . 1 14 Detach . | . . . Swap 4 | . 4 . Drop 7 | . 6 1 Fire 66 | . 17 49 Melee 22 | . . 22 Ram . | . . . Kick . | . . . Crush . | . . . Escape Stasis . | . . . Rewire . | . . . Trap . | . . . Miscellaneous . | . . . Route ------- -11/Scrapyard -10/Materials (discovered 5 exits: *Mat x3 / [*Min x2]) -9/Materials History --------- Turn | Location | Event 1 | -11/Scrapyard | Discovered new exit (range 0) 1 | -11/Scrapyard | Entered Materials 82 | -10/Materials | Identified exit to Materials 92 | -10/Materials | Discovered new exit (range 16) 306 | -10/Materials | Build established: Mutant 501 | -10/Materials | Discovered new exit (range 14) 710 | -10/Materials | Entered another Materials area 710 | -9/Materials | Evolved 2 slots: Utility x1, Weapon x1 1494 | -9/Materials | Core integrity fell below 50% 1509 | -9/Materials | Core integrity fell below 20% 1525 | -9/Materials | Destroyed by G-34 Mercenary with Small Laser Last Messages --------------- 01479_ K-01 Serf collects debris. 01485_ Acquired 8 matter. 01487_ K-01 Serf collects debris. 01491_ Imp. Ion Engine destroyed. 01495_ Destroyed Heat Sink. 01495_ G-34 Mercenary system corrupted by crushing effect. 01497_ G-34 Mercenary misfires. 01498_ G-34 Mercenary destroyed. 01499_ Acquired 7 matter. 01501_ Aluminum Leg severed. 01503_ Aluminum Leg destroyed. 01514_ Acquired 10 matter. 01520_ Destroyed Core Shielding. 01520_ L-31 Rogue system corrupted by crushing effect. 01521_ L-31 Rogue system terminally corrupted. 01521_ Imp. Ion Engine fried. 01521_ Melee Analysis Suite fried. 01521_ K-01 Serf cleans the Atomic Centrifuge. 01523_ K-01 Serf collects debris. 01523_ Lgt. Armor Plating destroyed. Map ----- +----------------------------------------------------+ | ????????????????????# """ ################## | | ????????????????????#^""" #????????????????? | | ????????????????????# """ #????????????????? | | ?????????????######## #????????????????? | | ?????????????? # """ #????????????????? | | ??????????????? + "" #????????????????? | | ???????????????? # """ #????????????????? | | ???????########## # ^ #????????????????? | | ???????# = # # #????????????????? | | ???????# | # # #????????????????? | | ???????# ! / ###/######+####????????? | | ???????# # #????????? | | ???????#! # +????????? | | ???????# # #????????? | | ???????# # #####+####????????? | | ???????# # #?????????????????? | | ???????# # #?????????????????? | | ???????###+###### #?????????????????? | | ?????????# % #?????????????????? | | ?????????# ! #?????????????????? | | ?????????# #?????????????????? | | ?????????############ #?????????????????? | | ?????????????######## #?????????????????? | | ?????????????# # #?????????????????? | | ?????????????# """ # #?????????????????? | | ?????????????# """=@# #?????????????????? | | ?????????????# """=kg% #?????????????????? | | ?????????????# %%#s #?????????????????? | | ?????????????#[ ! =# g #?????????????????? | | ?????????????######## #?????????????????? | | ???????????????????# #?????????????????? | | ?????????????????? ????????????????? | | ????????????????? ???????????????? | | ???????????????? ??????????????? | | ???????????????""" """ """k ?????????????? | | ?????????????? """ """ """u "????????????? | | ????????????? """ """ """ ""???????????? | | ??????????????? ?? ???????????? | | ???????????????? ??? ??? ???????????? | | ???????????????? ??? ????? ??????????? | | ????????????????###????####????????????????? | | ???????????????????????????????????????????? | | ???????????????????????????????????????????? | | ???????????????????????????????????????????? | | ???????????????????????????????????????????? | | ???????????????????????????????????????????? | | ???????????????????????????????????????????? | | ???????????????????????????????????????????? | | ???????????????????????????????????????????? | | ???????????????????????????????????????????? | +----------------------------------------------------+ Best States ------------- Heat Dissipation 28 Energy Generation 12 Energy Capacity 265 Matter Stores 300 Matter Capacity 300 Sight Range 16 Terrain Scan Density 10 Armor Coverage 150 Evasion (%) 40 Item Schematics ----------------- Hcp. Storage Unit | -10/Materials | Hacked Robot Schematics ------------------ None Fabricated ------------ Nothing Alien Tech Used ----------------- None Achievements -------------- None Challenges ------------ None Game ------ Seed SpreadForceAccelerator Manual? 0 Play Time 00:20:22 Cumulative 311.3 hours Start 2019.10.30 @ 15:35:04 End 2019.10.30 @ 16:37:46 Sessions 1 Manual Loads 0 Difficulty Rogue Special Mode None Game No. 40 Rogue 40 Adventurer 0 Explorer 0 Win Type - Total 0 Types 0/0/0/0/0/0/0 Lore% 15 Gallery% 36 Achievement% 21 Wizard Run 0 Options --------- ASCII 0 Keyboard 0 Movement Numpad Keybinds 0 Fullscreen 1 Font 18/SmallcapsGlow Map View 76x50 Tactical HUD 1 Map Filters NONE Filters NONE Steam 1 RUN: 686a83dc-bdd5-458c-9e8d-3b5cd23e4495